 Dungeon Crawl Stone Soup version 0.21-a0-504-g2eda330 (webtiles) character file.

21725 kae the Grappler (level 12, 0/181 (184) HPs)
             Began as a Troll Monk on Nov 26, 2017.
             Was a High Priest of Wu Jian.
             Slain by a tentacled monstrosity (8 damage)
             ... on level 12 of the Dungeon.
             The game lasted 00:18:26 (10256 turns).

kae the Grappler (Troll Monk)                      Turns: 10256, Time: 00:18:27

HP:   0/181 (184)   AC:  9    Str: 27    XL:     12   Next: 56%
MP:   11/11         EV: 13    Int:  6    God:    Wu Jian [*****.]
Gold: 872           SH:  2    Dex: 16    Spells: 11/11 levels left

rFire    . . .     SeeInvis +     - Unarmed
rCold    . . .     Gourm    +   (no shield)
rNeg     + . .     Faith    .   N - +0 troll leather armour
rPois    .         Spirit   .   I - +0 hat
rElec    .         Reflect  +   g - +1 cloak
rCorr    .         Harm     .   (gloves unavailable)
MR       .....                  (boots unavailable)
Stlth    ..........             o - +2 amulet of reflection
HPRegen  1.20/turn              D - ring of see invisible
MPRegen  0.12/turn              q - ring of positive energy

@: berserking, constricted, very quick
A: large, unfitting armour, claws 3, fast metabolism 3, gourmand, regeneration
1, shaggy fur 1, tough skin 2
a: Serpent's Lash, Heavenly Storm, Renounce Religion


You were on level 12 of the Dungeon.
You worshipped Wu Jian.
Wu Jian was extremely pleased with you.
You were full.

You visited 2 branches of the dungeon, and saw 13 of its levels.

You collected 1040 gold pieces.
You spent 168 gold pieces at shops.

Inventory:

Armour
 a - a +0 robe
 g - a +1 cloak (worn)
 B - a scarf of repulsion
 I - a +0 hat (worn)
 N - a +0 troll leather armour (worn)
Jewellery
 j - an uncursed ring of resist corrosion
 o - a +2 amulet of reflection (around neck)
 p - a +1 ring of protection
 q - a ring of positive energy (right claw)
 r - an uncursed amulet of magic regeneration
 D - a ring of see invisible (left claw)
 E - an uncursed amulet of rage
 L - the ring "Etattatu" {rPois Int+2 Dex-4 Stlth+}
   (You found it on level 11 of the Dungeon)

   [ring of stealth]

   It affects your intelligence (+2).
   It affects your dexterity (-4).
   It protects you from poison.
   It makes you more stealthy.
 M - an uncursed ring of protection from fire
 Q - an uncursed ring of protection from cold
Wands
 s - a wand of polymorph (52)
 x - a wand of random effects (31)
 O - a wand of iceblast (30)
Scrolls
 d - a scroll of enchant armour
 i - 11 scrolls of teleportation
 u - 4 scrolls of remove curse
 w - 4 scrolls of magic mapping
 y - a scroll of amnesia
 A - 4 scrolls of identify
Potions
 c - a potion of mutation
 e - a potion of berserk rage
 k - a potion of haste
 l - 2 potions of brilliance
 m - a potion of resistance {unknown}
 t - 2 potions of lignification
 v - 3 potions of might
 z - a potion of agility
 F - 2 potions of curing
 G - a potion of invisibility {unknown}
Books
 C - a book of Frost

   Spells                             Type                      Level
   a - Freeze                         Ice                          1
   b - Throw Frost                    Conjuration/Ice              2
   c - Ozocubu's Armour               Charms/Ice                   3
   d - Throw Icicle                   Conjuration/Ice              4
   e - Summon Ice Beast               Ice/Summoning                4
 H - a book of Geomancy

   Spells                             Type                      Level
   a - Sandblast                      Earth                        1
   b - Passwall                       Transmutation/Earth          2
   c - Stone Arrow                    Conjuration/Earth            3
   d - Petrify                        Transmutation/Earth          4
   e - Lee's Rapid Deconstruction     Earth                        5
 K - a book of Battle

   Spells                             Type                      Level
   a - Infusion                       Charms                       1
   b - Shroud of Golubria             Charms/Translocation         2
   c - Song of Slaying                Charms                       2
   d - Spectral Weapon                Hexes/Charms                 3
   e - Regeneration                   Charms/Necromancy            3
Comestibles
 b - 17 bread rations
 f - 3 royal jellies
 h - 5 fruits
 n - 3 meat rations


   Skills:
 + Level 9.3 Fighting
 + Level 1.5 Armour
 + Level 9.3 Dodging
 - Level 1.0 Stealth
 * Level 14.6 Unarmed Combat


You had 11 spell levels left.
You didn't know any spells.

Dungeon Overview and Level Annotations

Branches:
Dungeon (12/15)            Temple (1/1) D:6            Lair (0/6) D:11
    Orc (0/2) D:10

Altars:
Ashenzari
Cheibriados
Dithmenos
Elyvilon
Fedhas
Gozag
Hepliaklqana
Kikubaaqudgha
Makhleb
Nemelex Xobeh
Okawaru
Qazlal
Ru
Sif Muna
Trog
Uskayaw
Vehumet
Wu Jian
Xom
Yredelemnul
Zin
The Shining One
Lugonu

Shops:
D:8 (   D:10 ([   D:11 !

Annotations:
D:8 1 exclusion
D:11 exclusion: oklob sapling


Innate Abilities, Weirdness & Mutations

You are too large for most types of armour.
You have claws for hands.
Your metabolism is lightning-fast.
You like to eat raw meat.
Your natural rate of healing is unusually fast.
You are covered in fur. (AC +1)
You have very tough skin. (AC +2)


Message History

You mangle the tentacled monstrosity!!
The tentacled monstrosity is almost dead.
The tentacled monstrosity tentacle-slaps you.
* * * LOW HITPOINT WARNING * * *
The tentacled monstrosity completely misses you.
The tentacled monstrosity tentacle-slaps you.
* * * LOW HITPOINT WARNING * * *
x2 The tentacled monstrosity constricts you!
You scratch the tentacled monstrosity.
The tentacled monstrosity is almost dead.
You barely miss the tentacled monstrosity.
Your claw misses the tentacled monstrosity.
The tentacled monstrosity is almost dead.
The tentacled monstrosity tentacle-slaps you!
* * * LOW HITPOINT WARNING * * *
The tentacled monstrosity tentacle-slaps you.
* * * LOW HITPOINT WARNING * * *
The tentacled monstrosity tentacle-slaps you.
* * * LOW HITPOINT WARNING * * *
You die...

#######..####.......##.....##.##
#######..# #......##...##.###.##
.........#####..####...###.#####.
...............##....### #..###.#
.........#######.##.## ##.....#
#######..# ##.# #####.###.#
......#..###### ##4.# #..##.# ##.
≈≈≈†≈.#.......###X##..###..## #.#
≈≈≈≈≈.'.......##@## ### #### ###
≈≈≈≈≈.#.......#####
≈≈≈≈≈.#...........#
......#...........#
#######...........# #############


You could see a tentacled monstrosity and a chaos spawn.

Vanquished Creatures
  A very ugly thing (D:12)
  Josephine (D:10)
  A hydra (D:12)
  4 two-headed ogres
  Nergalle (D:11)
  An unseen horror (D:10)
  An ugly thing (D:11)
  A cyclops (D:12)
  Maurice (D:9)
  A gargoyle (D:12)
  A demonic crawler (D:12)
  A freezing wraith (D:10)
  3 trolls
  3 hippogriffs
  A spriggan (D:9)
  A large abomination (D:12)
  4 wraiths
  2 basilisks (D:11)
  13 yaks
  3 hungry ghosts
  A soldier ant (D:12)
  A water moccasin (D:11)
  3 porcupines (D:11)
  5 ice beasts
  A black bear (D:7)
  A sky beast (D:11)
  7 orc warriors
  3 ogres
  An eye of draining (D:9)
  3 necrophages (D:12)
  3 centaurs
  3 small abominations (D:12)
  2 phantoms
  A crocodile (D:11)
  7 bullfrogs
  8 scorpions
  A water moccasin skeleton (D:7)
  4 killer bees (D:9)
  13 wights
  An electric eel (D:12)
  4 howler monkeys
  6 crimson imps
  8 centaur zombies
  2 bullfrog zombies
  9 hounds
  A quasit (D:4)
  An iron imp (D:7)
  7 orc priests
  3 bullfrog skeletons
  14 orc wizards
  5 centaur skeletons
  2 jellies
  2 iguanas
  Terence (D:2)
  8 worker ants
  8 adders
  5 shadow imps
  3 oozes
  2 adder skeletons
  A worm (D:4)
  3 dart slugs
  A leopard gecko (D:1)
  50 orcs
  6 ball pythons
  4 giant cockroaches
  9 goblins
  9 hobgoblins
  9 jackals
  2 quokkas
  4 bats
  10 frilled lizards
  A jackal skeleton (D:4)
  5 kobolds
  A leopard gecko zombie (D:7)
  A quokka skeleton (D:7)
  8 rats
329 creatures vanquished.

Vanquished Creatures (others)
  A fungus (D:11)
  2 plants (D:11)
3 creatures vanquished.

Grand Total: 332 creatures vanquished

Notes
Turn   | Place    | Note
-------+----------+-------------------------------------------
     0 | D:1      | kae the Troll Monk began the quest for the Orb.
     0 | D:1      | Reached XP level 1. HP: 22/22 MP: 0/0
    60 | D:1      | Reached XP level 2. HP: 29/29 MP: 1/1
   420 | D:1      | Reached XP level 3. HP: 36/36 MP: 2/2
   942 | D:2      | Reached skill level 4 in Unarmed Combat
  1015 | D:2      | Reached XP level 4. HP: 28/45 MP: 3/3
  1391 | D:2      | Noticed Terence
  1400 | D:2      | Killed Terence
  1648 | D:3      | Reached XP level 5. HP: 53/53 MP: 4/4
  1680 | D:3      | Found a shimmering altar of Xom.
  1782 | D:3      | Found a glowing golden altar of the Shining One.
  1855 | D:3      | Found a sacrificial altar of Ru.
  1960 | D:3      | Found a burning altar of Makhleb.
  2108 | D:3      | Found a radiant altar of Vehumet.
  2171 | D:4      | Reached skill level 5 in Unarmed Combat
  2234 | D:4      | Reached XP level 6. HP: 51/61 MP: 5/5
  2951 | D:4      | Reached skill level 6 in Unarmed Combat
  2951 | D:4      | Reached XP level 7. HP: 68/68 MP: 6/6
  2971 | D:5      | Entered Level 5 of the Dungeon
  3049 | D:5      | Found a hide-covered altar of Uskayaw.
  3158 | D:5      | Found a shadowy altar of Dithmenos.
  3742 | D:6      | Reached skill level 7 in Unarmed Combat
  3921 | D:6      | Reached XP level 8. HP: 71/79 MP: 7/7
  4087 | D:6      | Found a staircase to the Ecumenical Temple.
  4109 | Temple   | Entered the Ecumenical Temple
  4444 | D:6      | Reached skill level 5 in Fighting
  4444 | D:6      | Reached skill level 5 in Dodging
  4444 | D:6      | Reached skill level 8 in Unarmed Combat
  4513 | D:7      | Found a snail-covered altar of Cheibriados.
  4605 | D:7      | Found a glowing silver altar of Zin.
  4605 | D:7      | Found an opulent altar of Gozag.
  5084 | D:7      | Reached skill level 9 in Unarmed Combat
  5084 | D:7      | Reached XP level 9. HP: 85/88 MP: 8/8
  5202 | D:8      | Found a basalt altar of Yredelemnul.
  5226 | D:8      | Noticed a two-headed ogre
  5460 | D:8      | Killed a two-headed ogre
  5563 | D:8      | Found Seorph's Weapon Shoppe.
  5742 | D:8      | Found a deep blue altar of Sif Muna.
  6052 | D:9      | Found an iron altar of Okawaru.
  6073 | D:9      | Noticed a troll
  6086 | D:9      | Killed a troll
  6086 | D:9      | Reached skill level 10 in Unarmed Combat
  6233 | D:9      | Found an ornate altar of the Wu Jian Council.
  6233 | D:9      | Noticed a two-headed ogre
  6240 | D:9      | Killed a two-headed ogre
  6240 | D:9      | Reached XP level 10. HP: 66/100 MP: 9/9
  6244 | D:9      | Became a worshipper of the Wu Jian Council
  6244 | D:9      | Reached * piety under Wu Jian
  6244 | D:9      | Reached ** piety under Wu Jian
  6407 | D:9      | Found an ancient bone altar of Kikubaaqudgha.
  6416 | D:9      | Found an iron altar of Okawaru.
  6514 | D:9      | Noticed Maurice
  6534 | D:9      | Killed Maurice
  6534 | D:9      | Reached skill level 11 in Unarmed Combat
  6948 | D:10     | Entered Level 10 of the Dungeon
  7029 | D:10     | Noticed Josephine
  7040 | D:10     | Killed Josephine
  7205 | D:10     | Found an ornate altar of the Wu Jian Council.
  7262 | D:10     | Found Quida's Weapon Shoppe.
  7262 | D:10     | Found a staircase to the Orcish Mines.
  7265 | D:10     | Found Yqofefie's Armour Shoppe.
  7265 | D:10     | Reached *** piety under Wu Jian
  7302 | D:10     | Bought a scarf of repulsion for 168 gold pieces
  7327 | D:10     | Reached skill level 12 in Unarmed Combat
  7356 | D:10     | Reached XP level 11. HP: 26/109 MP: 10/10
  7365 | D:10     | Noticed a two-headed ogre
  7386 | D:10     | Killed a two-headed ogre
  7504 | D:10     | Noticed an unseen horror
  7507 | D:10     | Killed an unseen horror
  7799 | D:10     | Noticed a two-headed ogre
  7808 | D:10     | Killed a two-headed ogre
  8257 | D:11     | Found a staircase to the Lair.
  8348 | D:11     | Reached **** piety under Wu Jian
  8359 | D:11     | Reached skill level 13 in Unarmed Combat
  8454 | D:11     | Found Megid's Distillery.
  8457 | D:11     | Got a scintillating wooden ring
  8765 | D:11     | Noticed a purple ugly thing
  8775 | D:11     | Killed a purple ugly thing
  8962 | D:11     | Noticed Nergalle
  8981 | D:11     | Killed Nergalle
  9309 | D:12     | Identified the ring "Etattatu" {rPois Int+2 Dex-4 Stlth+} (You found it on level 11 of the Dungeon)
  9350 | D:12     | Reached ***** piety under Wu Jian
  9436 | D:12     | Reached XP level 12. HP: 119/122 MP: 11/11
  9449 | D:12     | Noticed a five-headed hydra
  9455 | D:12     | Killed a seven-headed hydra
  9465 | D:12     | Reached skill level 14 in Unarmed Combat
  9737 | D:12     | Found a runed door.
 10145 | D:12     | Noticed a purple very ugly thing
 10158 | D:12     | Killed a purple very ugly thing
 10158 | D:12     | Reached skill level 1 in Armour
 10237 | D:12     | Noticed a tentacled monstrosity
 10256 | D:12     | HP: 8/181 [tentacled monstrosity (5)]
 10256 | D:12     | Slain by a tentacled monstrosity

Vault maps used:
D:1:      evilmike_arrival_sounds_zot
D:2:      uniq_terence
D:3:      overflow_temple_1_default, overflow_temple_1_default,
          marbit_many_paths, old_standard_altar, tso_metal_star,
          kennysheep_cross_bottleneck
D:4:      first_bread, grunt_decor_cap
D:5:      eat_drink_and_be_merry_uskayaw, old_standard_altar
D:6:      minmay_temple_entry_glass
D:7:      grunt_temple_overflow_gold_and_silver, slow_altar_1
D:8:      yredelemnul_altar_generic, tgw_sif, serial_shops, shop
D:9:      kennysheep_little_box, amethyst_overflow_temple_binary, basic_altar,
          the_bakery, minmay_misc_feat_four_crosses, dk_noncrumbling_2,
          uniq_maurice
D:10:     minmay_distorted_concentric_squares, orc_david_3, basic_altar,
          uniq_josephine
D:11:     minmay_lair_entry_grove, lab_entry_generic, serial_shops, shop,
          introduction_to_nature_2, uniq_nergalle
D:12:     cheibrodos_body_horror, serial_undead, serial_undead_e,
          serial_undead_e, serial_undead_a, serial_undead_f,
          nrook_pool_corridor, uniq_frances
Temple:   corrupted_temple

Skill      XL: |  1  2  3  4  5  6  7  8  9 10 11 12 |
---------------+-------------------------------------+-----
Unarmed Combat | 4 5 6 7 9 10 12 13 14 | 14.6
Fighting       | 3 4 5 6 7 8 9 |  9.3
Dodging        | 3 4 5 6 7 8 9 |  9.3
Armour         | 1 |  1.5
Stealth        | |  1.0

Action                   |  1- 3 |  4- 6 |  7- 9 | 10-12 || total
-------------------------+-------+-------+-------+-------++-------
Melee: Unarmed           |   104 |   136 |   237 |   566 ||  1043
       Punch             |       |     4 |     7 |    48 ||    59
Invok: Serpent's Lash    |       |       |       |     1 ||     1
Evoke: Wand              |       |       |     5 |       ||     5
  Use: Scroll            |       |     6 |    13 |     7 ||    26
       Potion            |       |       |       |     2 ||     2
 Stab: Sleeping          |     2 |     1 |     6 |     5 ||    14
       Distracted        |       |       |       |     1 ||     1
  Eat: Chunk             |    12 |    14 |    36 |    43 ||   105
       Bread ration      |       |       |       |     1 ||     1
Armor: Robe              |    40 |    60 |    56 |    32 ||   188
       Skin              |       |       |       |     5 ||     5
       Troll leather arm |       |       |       |    50 ||    50
Dodge: Dodged            |    49 |   105 |    77 |   227 ||   458
Block: Other             |       |     5 |    12 |    20 ||    37

Table legend:
 A = Spawn XP
 B = Non-spawn XP
 C = Spawn XP percentage of total XP
 D = Spawn monster count
 E = Non-spawn monster count
 F = Spawn count percentage of total count
 G = Total turns spent on level
                    A         B        C        D         E        F      G
               +---------+---------+-------+---------+---------+-------+---------
         Total |       0 |   31037 |   0.0 |       0 |     329 |   0.0 | 10256
               +---------+---------+-------+---------+---------+-------+---------
           D:1 |       0 |      53 |   0.0 |       0 |      28 |   0.0 |   738
           D:2 |       0 |     142 |   0.0 |       0 |      23 |   0.0 |   909
           D:3 |       0 |      67 |   0.0 |       0 |      14 |   0.0 |   496
           D:4 |       0 |     485 |   0.0 |       0 |      20 |   0.0 |   832
           D:5 |       0 |     377 |   0.0 |       0 |      11 |   0.0 |   618
           D:6 |       0 |     920 |   0.0 |       0 |      23 |   0.0 |   858
           D:7 |       0 |     884 |   0.0 |       0 |      17 |   0.0 |   736
           D:8 |       0 |    1039 |   0.0 |       0 |       6 |   0.0 |   750
           D:9 |       0 |    3611 |   0.0 |       0 |      48 |   0.0 |   959
          D:10 |       0 |    6962 |   0.0 |       0 |      46 |   0.0 |  1363
          D:11 |       0 |    6002 |   0.0 |       0 |      45 |   0.0 |   955
          D:12 |       0 |   10495 |   0.0 |       0 |      48 |   0.0 |   990
               +---------+---------+-------+---------+---------+-------+---------
